Map: Overgrown Facility

Players

Prometheus - Winner!

  • Race: Protoss Protoss
  • Spawn Location: 1:00

A.I. 2 (Very Easy)

  • Race: Zerg Zerg

VOD

Have the link to the VOD?

Description

Time

  • Played on: July 3, 2018, 3:59 p.m.
  • Length: 6:37
Show
View Real Time Build Order
Export as new Build Order

Prometheus Protoss - Winner!

Build Orders: Dark Templar Rush 

Get SALT Encoding   

  12  0:01  Probe  
  13  0:13  Probe  
  14  0:20  Pylon  
  14  0:25  Probe  
  15  0:36  Probe  
  15  0:41  Gateway  
  16  0:44  Probe  
  17  0:52  Probe  
  17  0:55  Assimilator  
  18  1:00  Probe  
  18  1:07  Assimilator  
  18  1:09  Probe  
  20  1:24  Gateway  
  20  1:29  Cybernetics Core  
  20  1:32  Probe  
  21  1:45  Probe  
  22  1:57  Probe  
  22  1:58  Pylon  
  23  2:16  Stalker x2  
  27  2:24  Robotics Facility  
  27  2:28  Warp Gate  
  27  2:33  Twilight Council  
  27  2:41  Probe  
  27  2:44  Pylon  
  28  3:05  Warp Prism  
  30  3:20  Dark Shrine  
  30  3:41  Nexus  
  30  3:42  Observer  
  31  3:55  Gateway  
  31  4:02  Gateway  
  31  4:18  Probe  
  32  4:30  Probe  
  33  4:32  Dark Templar  
  33  4:33  Dark Templar  
  37  4:42  Probe  
  38  4:54  Probe x2  
  38  4:59  Dark Templar  
  42  5:01  Dark Templar  
  42  5:03  Probe  
  42  5:07  Probe  
  46  5:11  Probe  
  46  5:16  Pylon  
  46  5:18  Assimilator  
  46  5:19  Probe  
  46  5:20  Probe  
  49  5:33  Probe  
  49  5:37  Probe  
  49  5:39  Assimilator  
  49  5:41  Probe  
  51  5:49  Probe  
  53  6:01  Probe  
  54  6:05  Dark Templar  
  54  6:06  Dark Templar x2  
Show
View Real Time Build Order
Export as new Build Order

A.I. 2 (Very Easy) Zerg 

Build Orders:  

Get SALT Encoding   

Tags
 
Add a new tag
Caveats
  • Supply blocks, unpowered buildings, or Contaminate may cause inaccurate times.
  • Supply counts are checked every 10 seconds.